 Dungeon Crawl Stone Soup version 0.31-a0-221-gbddc013574 (webtiles) character file.

Game seed: 5022858743339065091

8 hadoken the Chopper (level 2, -2/26 HPs)
             Began as a Hill Orc Monk on July 4, 2023.
             Succumbed to a kobold's poison
             ... on level 1 of the Dungeon.
             The game lasted 00:00:23 (172 turns).

hadoken the Chopper (Hill Orc Monk)                  Turns: 172, Time: 00:00:24

Health: -2/26      AC:  2    Str: 13    XL:     2   Next: 8%
Magic:  2/2        EV: 12    Int: 10    God:
Gold:   52         SH:  0    Dex: 13    Spells: 1/1 levels left

rFire   . . .        a - +0 hand axe
rCold   . . .        d - orb {light}
rNeg    . . .        b - +0 robe
rPois   .            (no helmet)
rElec   .            (no cloak)
rCorr   .            (no gloves)
SInv    .            (no boots)
Will    .....        (no amulet)
Stlth   +            (no ring)
HPRegen 0.24/turn    (no ring)
MPRegen 0.08/turn

%: no passive effects
@: lethally poisoned (-2 -> -19), glowing
A: no striking features
a: no special abilities


You were on level 1 of the Dungeon.
You visited 1 branch of the dungeon, and saw 1 of its levels.

You collected 52 gold pieces.

Inventory:

Hand Weapons
 a - a +0 hand axe (weapon)
Armour
 b - a +0 robe (worn)
 d - an orb of light (worn)
Potions
 c - a potion of ambrosia
 e - 2 potions of curing {unknown}
 f - a potion of attraction {unknown}


   Skills:
 - Level 3.6 Fighting
 + Level 4.8 Axes
 - Level 2.4 Dodging


You had one spell level left.
You didn't know any spells.
Your spell library was empty.

Dungeon Overview and Level Annotations

Branches:
Dungeon (1/15)

Altars:


Message History

No target in view!
No target in view!
No target in view!
No target in view!
HP restored.
You now have 21 gold pieces (gained 8).
e - 2 green potions (gained 1)
f - a pink potion Nothing quivered!
You now have 39 gold pieces (gained 18).
You now have 45 gold pieces (gained 6).
You now have 52 gold pieces (gained 7).
Found a stone staircase leading down.
Found a ring mail.
A kobold comes into view. It is wielding a +2 dagger of venom.
The kobold shouts!
A kobold is nearby!
A rat comes into view.
Found a stone staircase leading down.
The rat moves out of view.
The kobold hits you with a +2 dagger of venom.
You are poisoned.
You hit the kobold.
The kobold is heavily wounded.
You feel very sick.
A hobgoblin comes into view.
The kobold hits you with a +2 dagger of venom.
You hit the kobold but do no damage.
The kobold is heavily wounded.
You feel sick.
The kobold hits you with a +2 dagger of venom.
You are lethally poisoned!
The kobold hits you with a +2 dagger of venom.
You are more poisoned.
* * * LOW HITPOINT WARNING * * *
You feel very sick. The rat bites you but does no damage.
* * * LOW HITPOINT WARNING * * *
You feel very sick. The rat attacks as you move away!
The rat bites you but does no damage.
You die...

###....##.........#.# #.
..[...#...####.###.#
.###.####.#......####.# #.#
...................##.# #..
#..#......>.......##.# ##.
#....##.....##....##.# #. #
..........########.####.
..>.##..#..#.###### #......
....g..Kr.@.......####.....
#.....#.#.##.####..........
....##.......# ###.........
... .........###...###.....
. .#........##..### #.....
...............## #..... .
..........#### #.....
.###..........## ######
#...........#


You could see a hobgoblin, a kobold and a rat.

Vanquished Creatures
  An endoplasm (D:1)
  A giant cockroach (D:1)
  A hobgoblin (D:1)
  2 jackals (D:1)
  A kobold (D:1)
  A rat (D:1)
7 creatures vanquished.

Notes
Turn   | Place    | Note
-------+----------+-------------------------------------------
     0 | D:1      | hadoken the Hill Orc Monk began the quest for the Orb.
     0 | D:1      | Reached XP level 1. HP: 19/19 MP: 1/1
    74 | D:1      | Reached XP level 2. HP: 21/26 MP: 2/2
   172 | D:1      | Succumbed to a kobold's poison

Illustrated notes

Levels and vault maps discovered:
D:1:      dpeg_arrival_tiny_j, layout_rooms

Action                     || total
---------------------------++-------
  Melee: Hand axe          ||    22
 Armour: Robe              ||     7
  Dodge: Dodged            ||    12

Table legend: (Time is in decaauts)
 A = Elapsed time spent in this place.
 B = Non-inter-level travel time spent in this place.
 C = Inter-level travel time spent in this place.
 D = Time resting spent in this place.
 E = Time spent auto-exploring this place.
 F = Levels seen in this place.
 G = Mean time per level.
                   A        B        C        D        E       F      G
               +--------+--------+--------+--------+--------+-----+--------+
         Total |    174 |    174 |      0 |      0 |    130 |   1 |  174.0 |
       Dungeon |    174 |    174 |      0 |      0 |    130 |   1 |  174.0 |
               +--------+--------+--------+--------+--------+-----+--------+

Top non-repeatable levels by time:
     D:1: 174 daAuts
